[Event "Team 45 45 League T41"]
[Site "Internet Chess Club"]
[Date "2009.05.20"]
[Round "3"]
[White "upsan"]
[Black "MRX"]
[Result "1/2-1/2"]
[WhiteElo "1826"]
[BlackElo "1717"]
[Opening "Sicilian"]
[ECO "B50"]
[Time "15:04:31"]
[TimeControl "2700+45"]

1. e4 c5 2. Nf3 d6 3. c4 g6 4. Nc3 Bg7 5. d3 Nc6 6. Be2 e6 7. Be3 Nge7 8. O-O
O-O 9. Qd2 Nd4 10. Bh6 a6 11. Bxg7 Kxg7 12. Nxd4 cxd4 13. Nd1 e5 14. f4 f6 15.
Nf2 f5 16. fxe5 dxe5 17. exf5 Bxf5 18. Bf3 Qc7 19. Qe2 Rae8 20. Be4 Bxe4 21.
Nxe4 Nf5 22. Nd2 Ne3 23. Rxf8 Rxf8 24. Nf1 Rxf1+ 25. Rxf1 Nxf1 26. Qxf1 a5 27.
Qe2 b6 28. Qe4 Qc5 29. a3 a4 30. Qb7+ Kh6 31. Qe4 b5 32. cxb5 Qc1+ 33. Kf2 Qxb2+
34. Kf3 Qxb5 35. Qh4+ Kg7 36. Qe7+ Kg8 37. Qd8+ Kg7 38. Qe7+ Kg8 39. Qd8+ Kg7
{Game drawn by mutual agreement} 1/2-1/2

[Event "Team 45 45 League T41"]
[Site "Internet Chess Club"]
[Date "2009.05.17"]
[Round "3"]
[White "viking99"]
[Black "qs16"]
[Result "1-0"]
[WhiteElo "1844"]
[BlackElo "1702"]
[Opening "Sicilian: Najdorf, Byrne (English) attack"]
[ECO "B90"]
[Time "12:00:40"]
[TimeControl "2700+45"]

1. e4 c5 2. Nf3 d6 3. d4 cxd4 4. Nxd4 Nf6 5. Nc3 a6 6. Be3 e5 7. Nb3 Be6 8. Be2
Be7 9. Qd2 Nbd7 10. f3 Rc8 11. g4 h6 12. O-O-O b5 13. Kb1 Nb6 14. g5 hxg5 15.
Bxg5 b4 16. Bxf6 bxc3 17. Bxe7 Kxe7 18. Qg5+ Kf8 19. Qxd8+ Rxd8 20. bxc3 Na4 21.
Rd2 Nxc3+ 22. Kb2 Nxe2 23. Rxe2 Rh3 24. Rf2 Rb8 25. Rd1 Ke7 26. Rd3 a5 27. Ka3
a4 28. Kxa4 Ra8+ 29. Na5 Rhh8 30. Rb3 Bd7+ 31. Rb5 Rhb8 32. c4 Rc8 33. Kb4 Bxb5
34. cxb5 Rab8 35. a4 Rc1 36. Nb3 Rc7 37. a5 Rcb7 38. b6 Kd7 39. Rd2 Kc6 40. Rc2+
Kd7 41. Kb5 g6 42. Rc6 f5 43. a6 Ra7 44. Na5 f4 45. b7 g5 46. Kb6 Rba8 47.
bxa8=Q Rxa8 48. Kb7 Rg8 49. a7 g4 50. a8=Q {Black resigns} 1-0

[Event "Team 45 45 League T41"]
[Site "Internet Chess Club"]
[Date "2009.05.17"]
[Round "3"]
[White "rom1"]
[Black "Marichan"]
[Result "0-1"]
[WhiteElo "1614"]
[BlackElo "1863"]
[Opening "King's Indian: Andersson variation"]
[ECO "E92"]
[Time "15:00:44"]
[TimeControl "2700+45"]

1. d4 Nf6 2. c4 g6 3. Nc3 Bg7 4. e4 d6 5. Nf3 O-O 6. Be2 e5 7. dxe5 dxe5 8. Qxd8
Rxd8 9. Bg5 Re8 10. O-O-O Bd7 11. Rhe1 Bc6 12. Bxf6 Bxf6 13. Nd5 Bxd5 14. cxd5
Nd7 15. Bb5 Rad8 16. Kb1 a6 17. Bxd7 Rxd7 18. Rc1 Bg7 19. Rc4 f5 20. Rd1 c6 21.
Kc2 fxe4 22. Ng5 cxd5 23. Nxe4 Red8 24. Nc5 Rc7 25. Ne6 Rxc4+ 26. Kb3 Rd6 {White
resigns} 0-1

[Event "Team 45 45 League T41"]
[Site "Internet Chess Club"]
[Date "2009.05.14"]
[Round "3"]
[White "Kingofknights"]
[Black "oldsj"]
[Result "1-0"]
[WhiteElo "1705"]
[BlackElo "1629"]
[Opening "King's Indian: Sämisch, 5...O-O"]
[ECO "E81"]
[Time "18:30:15"]
[TimeControl "2700+45"]

1. d4 Nf6 2. c4 g6 3. Nc3 Bg7 4. e4 d6 5. f3 O-O 6. Be3 c5 7. dxc5 dxc5 8. Qxd8
Rxd8 9. Bxc5 Nc6 10. Rd1 Nd7 11. Be3 e6 12. Nge2 b6 13. Nd4 Bb7 14. Be2 Nc5 15.
Nxc6 Bxc6 16. Kf2 Be5 17. g3 Na6 18. Rc1 Nb4 19. a3 Nd3+ 20. Bxd3 Rxd3 21. Rhd1
Rad8 22. Rxd3 Rxd3 23. Ke2 Rd7 24. b4 Kf8 25. b5 Bb7 26. Na4 Ke8 27. c5 bxc5 28.
Nxc5 Rc7 29. Nxb7 Rxb7 30. a4 Kd7 31. Rc6 Bc7 32. Ra6 Bb6 33. Bxb6 axb6 34. Kd3
e5 35. h4 h5 36. g4 Kd6 37. gxh5 gxh5 38. Ra8 Kc5 39. Kc3 Rd7 40. Rc8+ Kd6 41.
Rc6+ Ke7 42. Rxb6 Rc7+ 43. Rc6 Rxc6+ 44. bxc6 Kd6 45. Kc4 Kxc6 46. a5 {Black
resigns} 1-0

[Event "Team 45 45 League T41"]
[Site "Internet Chess Club"]
[Date "2009.05.22"]
[Round "3"]
[White "shakkiipe"]
[Black "spunni"]
[Result "0-1"]
[WhiteElo "1813"]
[BlackElo "1895"]
[Opening "QGA: classical variation"]
[ECO "D26"]
[Time "11:00:14"]
[TimeControl "2700+45"]

1. d4 d5 2. c4 dxc4 3. Nf3 Nf6 4. e3 e6 5. Bxc4 c5 6. Qe2 cxd4 7. Nxd4 e5 8. Nb3
Bb4+ 9. Bd2 Nc6 10. Bxb4 Nxb4 11. O-O O-O 12. Nc3 a6 13. a3 Nc6 14. Rad1 Qe7 15.
Rd2 e4 16. Nd4 Ne5 17. Nd5 Nxd5 18. Bxd5 Bg4 19. f3 exf3 20. Nxf3 Rad8 21. Qf2
Nxf3+ 22. gxf3 Bh3 23. Rfd1 Kh8 24. e4 Rd6 25. Qg3 Rg6 {White resigns} 0-1

[Event "Team 45 45 League T41"]
[Site "Internet Chess Club"]
[Date "2009.05.17"]
[Round "3"]
[White "AronT"]
[Black "nas3"]
[Result "0-1"]
[WhiteElo "1927"]
[BlackElo "1774"]
[Opening "Benoni: classical with e4 and Nf3"]
[ECO "A70"]
[Time "00:00:06"]
[TimeControl "2700+45"]

1. d4 Nf6 2. c4 c5 3. d5 e6 4. Nc3 exd5 5. cxd5 d6 6. e4 g6 7. Nf3 Bg7 8. Nd2
O-O 9. Nc4 Re8 10. Bd3 Nh5 11. O-O a6 12. a4 b6 13. Be3 Ra7 14. f4 Rb7 15. f5 b5
16. axb5 axb5 17. Na5 Rbe7 18. fxg6 hxg6 19. Bxb5 Bd7 20. Bg5 Bd4+ 21. Kh1 Kg7
22. Bxe7 Ng3+ {White resigns} 0-1

[Event "Team 45 45 League T41"]
[Site "Internet Chess Club"]
[Date "2009.05.16"]
[Round "3"]
[White "Razorbackchess"]
[Black "xt"]
[Result "1/2-1/2"]
[WhiteElo "1776"]
[BlackElo "1592"]
[Opening "QGD: 4.Bg5 Nbd7"]
[ECO "D51"]
[Time "19:05:21"]
[TimeControl "2700+45"]

1. d4 d5 2. c4 e6 3. Nc3 Nf6 4. Bg5 Nbd7 5. cxd5 exd5 6. e3 Be7 7. Qc2 c6 8. Bd3
h6 9. Bxf6 Nxf6 10. Nge2 O-O 11. f3 Re8 12. O-O-O Bb4 13. e4 dxe4 14. Nxe4 Nxe4
15. Bxe4 Be6 16. Kb1 Rc8 17. Nf4 Bd5 18. Bf5 Rc7 19. Rc1 Bd6 20. Nxd5 cxd5 21.
Qd2 Qf6 22. Rxc7 Bxc7 23. Bc2 Bf4 24. Qd3 g6 25. Qb5 Qc6 26. Qxc6 bxc6 27. g3
Bc7 28. Ba4 Re6 29. Rc1 Bb6 30. Bxc6 Bxd4 31. Bxd5 Re7 32. a3 Kg7 33. Rc2 Re1+
34. Ka2 Re7 35. b4 Rd7 36. Bc4 Bg1 37. Kb3 Kf6 38. Bb5 Rb7 39. Bc4 g5 40. Rd2
Ke5 41. Rd5+ Kf6 42. Rd6+ Kg7 43. Rd2 Re7 44. Ka4 Re3 45. Bd5 Re7 46. h4 Kf6 47.
hxg5+ hxg5 48. Be4 Rc7 49. Rd6+ Ke7 50. Rd5 f6 51. g4 Be3 52. Rb5 Bb6 53. Rd5
Be3 54. Bf5 Bb6 55. Be4 {Game drawn by mutual agreement} 1/2-1/2

[Event "Team 45 45 League T41"]
[Site "Internet Chess Club"]
[Date "2009.05.17"]
[Round "3"]
[White "Warpdrive"]
[Black "Frankly"]
[Result "1-0"]
[WhiteElo "1701"]
[BlackElo "1668"]
[Opening "Sicilian: dragon, classical attack"]
[ECO "B72"]
[Time "13:01:09"]
[TimeControl "2700+45"]

1. e4 c5 2. Nf3 d6 3. d4 cxd4 4. Nxd4 Nf6 5. Nc3 g6 6. Be2 Bg7 7. Be3 Nc6 8.
Nxc6 bxc6 9. O-O O-O 10. Qd2 Re8 11. f4 Qa5 12. Bf3 Bb7 13. Nd1 Qxd2 14. Bxd2 c5
15. Nf2 Rab8 16. Bc3 d5 17. exd5 Bxd5 18. Bxf6 Bxf3 19. Bxg7 Kxg7 20. gxf3 Rxb2
21. Rfc1 c4 22. Nd1 Rb6 23. Rcb1 Rf6 24. Rb7 Rxf4 25. Rxa7 Rxf3 26. a4 e5 27.
Rc7 Rf4 28. a5 Ra8 29. a6 Rd4 30. a7 e4 31. Ne3 c3 32. Rb7 Rdd8 33. Rab1 Rd6 34.
Rf1 Rf6 35. Rxf6 Kxf6 36. Nd5+ Ke5 37. Nb6 Rxa7 38. Rxa7 f5 39. Rxh7 Kf4 40.
Nd5+ Kf3 41. Rh3+ Ke2 42. Nxc3+ Kd2 43. Nxe4+ fxe4 44. c4 e3 45. Rxe3 Kxe3 46.
c5 {Black resigns} 1-0

[Event "Team 45 45 League T41"]
[Site "Internet Chess Club"]
[Date "2009.05.16"]
[Round "3"]
[White "Zebbile"]
[Black "cityprosecutor"]
[Result "1-0"]
[WhiteElo "2023"]
[BlackElo "1830"]
[Opening "Réti opening"]
[ECO "A04"]
[Time "09:05:02"]
[TimeControl "2700+45"]

1. Nf3 d6 2. d4 c5 3. dxc5 Qa5+ 4. Nc3 Qxc5 5. e4 Nf6 6. Be2 g6 7. O-O Bg7 8. a3
O-O 9. h3 Qb6 10. Rb1 Bd7 11. Be3 Qa5 12. Qd2 Nc6 13. b4 Qd8 14. Bh6 Rc8 15.
Bxg7 Kxg7 16. Rfd1 a6 17. Qe3 b5 18. Rbc1 Qc7 19. Nd5 Nxd5 20. exd5 Nb8 21. c4
Qb7 22. c5 Qa7 23. Qd4+ f6 24. c6 Qxd4 25. Nxd4 {Black resigns} 1-0

[Event "Team 45 45 League T41"]
[Site "Internet Chess Club"]
[Date "2009.05.16"]
[Round "3"]
[White "kabindra"]
[Black "pishd"]
[Result "1/2-1/2"]
[WhiteElo "1868"]
[BlackElo "1746"]
[Opening "Caro-Kann: advance variation"]
[ECO "B12"]
[Time "10:08:36"]
[TimeControl "2700+45"]

1. e4 c6 2. d4 d5 3. e5 Na6 4. c3 Nc7 5. Bd3 g6 6. h3 Nh6 7. Nf3 Bf5 8. Bxh6
Bxh6 9. Bxf5 gxf5 10. Qd3 e6 11. Nbd2 Rg8 12. g3 Qe7 13. O-O-O O-O-O 14. Kb1 Kb8
15. c4 dxc4 16. Nxc4 Rd5 17. Nd6 Ne8 18. Nc4 Qb4 19. a3 Qb5 20. Qc2 Bf8 21. Rd3
Ka8 22. Rb3 Qa4 23. Rc1 Nc7 24. Nd6 Bxd6 25. exd6 Nb5 26. Rd1 Nxd6 27. Rc1 Rb5
28. Rxb5 Qxc2+ 29. Rxc2 Nxb5 30. a4 Nd6 31. Ne5 Rd8 32. f3 Kb8 33. g4 f6 34. Nd3
fxg4 35. hxg4 Nf7 36. Nc5 Rxd4 37. Nxe6 Rd1+ 38. Rc1 Rxc1+ 39. Kxc1 Ne5 40. Nf8
h6 41. Nh7 Nxf3 42. Nxf6 Ne5 43. Kd2 Kc7 44. b3 Kd6 45. Ne4+ Kd5 46. Nf2 Kd4 47.
a5 c5 48. Ke2 b6 49. axb6 axb6 50. Kd2 c4 51. bxc4 Kxc4 52. Ke3 b5 53. Ke4 Nf7
54. Kf5 b4 55. Kf6 b3 56. Nd1 Ng5 57. Kg6 Kd3 58. Kxh6 Nf3 59. g5 Nd4 60. g6 Kc2
61. Ne3+ Kc1 62. Nc4 Kc2 63. Kh7 Nf5 64. g7 {Game drawn by mutual agreement}
1/2-1/2

[Event "Team 45 45 League T41"]
[Site "Internet Chess Club"]
[Date "2009.05.16"]
[Round "3"]
[White "Bill-W"]
[Black "chess9397"]
[Result "0-1"]
[WhiteElo "1812"]
[BlackElo "1819"]
[Opening "Sicilian: Grand Prix attack"]
[ECO "B23"]
[Time "15:03:23"]
[TimeControl "2700+45"]

1. e4 c5 2. Nc3 Nc6 3. f4 g6 4. Nf3 Bg7 5. Bb5 Nd4 6. O-O Nxb5 7. Nxb5 d5 8.
exd5 a6 9. Nc3 Nf6 10. d4 Nxd5 11. dxc5 Nxc3 12. bxc3 Qa5 13. Bb2 Qxc5+ 14. Kh1
Bxc3 15. Bxc3 Qxc3 16. Re1 Bg4 17. Qd5 Bxf3 18. gxf3 Qc7 19. Rab1 Rb8 20. Rb2
O-O 21. Reb1 b5 22. f5 Rfd8 23. Qe4 Rbc8 24. Re1 Qc3 25. Rbb1 Qxc2 26. Qb7 Rd2
{White resigns} 0-1

[Event "Team 45 45 League T41"]
[Site "Internet Chess Club"]
[Date "2009.05.16"]
[Round "3"]
[White "chess9793"]
[Black "jacknor"]
[Result "1-0"]
[WhiteElo "1884"]
[BlackElo "1590"]
[Opening "Sicilian: accelerated fianchetto, modern variation with Bc4"]
[ECO "B35"]
[Time "13:00:12"]
[TimeControl "2700+45"]

1. e4 c5 2. Nf3 Nc6 3. d4 cxd4 4. Nxd4 g6 5. Nc3 Bg7 6. Be3 Nf6 7. Bc4 O-O 8.
Bb3 Na5 9. e5 Nxb3 10. Nxb3 Ne8 11. f4 d6 12. Qd2 Bf5 13. O-O-O Qc8 14. exd6
Nxd6 15. h3 Nc4 16. Qe2 Nxe3 17. Qxe3 Bxc3 18. bxc3 Be6 19. Rhg1 Bxb3 20. cxb3
e6 21. g4 Rd8 22. h4 Rxd1+ 23. Rxd1 Qc7 24. h5 Rc8 25. Kb2 b6 26. Rh1 Qc5 27.
Qd2 Qc6 28. Rh3 Kf8 29. hxg6 hxg6 30. Rh2 Kg8 31. Qd4 Kf8 32. Qf6 Ke8 33. Rh8+
Kd7 34. Qxf7+ Kd6 35. Rxc8 Qxc8 36. Qxg6 Kd5 37. Qd3+ Kc6 38. Qc4+ Kb7 39. Qxc8+
{Black resigns} 1-0

[Event "Team 45 45 League T41"]
[Site "Internet Chess Club"]
[Date "2009.05.17"]
[Round "3"]
[White "proudchess"]
[Black "Merciful"]
[Result "1-0"]
[WhiteElo "1944"]
[BlackElo "1900"]
[Opening "Caro-Kann: classical, 7...Nd7"]
[ECO "B18"]
[Time "14:30:42"]
[TimeControl "2700+45"]

1. e4 c6 2. d4 d5 3. Nc3 dxe4 4. Nxe4 Bf5 5. Ng3 Bg6 6. Nf3 Nd7 7. h4 h6 8. Bd3
Bxd3 9. Qxd3 e6 10. Bd2 Qc7 11. O-O-O Ngf6 12. Ne4 Nxe4 13. Qxe4 Nf6 14. Qe2 Bd6
15. g3 O-O-O 16. c4 c5 17. Bc3 cxd4 18. Nxd4 a6 19. Kb1 Kb8 20. Nf3 Ka8 21. Nd4
Rd7 22. Nb3 Rc8 23. Rd2 Qc6 24. Rhd1 Ne4 25. Rd3 Nxc3+ 26. Rxc3 Bb4 27. Rxd7
Qxd7 28. Rf3 Rd8 29. c5 Qd5 30. Rxf7 Bxc5 31. Nxc5 Qxc5 32. Qf3 Qb5 33. a4 Qb6
34. Rxg7 e5 35. Re7 Rd4 36. Rxe5 Qd6 37. Re8+ Ka7 38. Qe3 Qc5 39. Rd8 Rc4 40.
Qxc5+ Rxc5 41. Rd6 h5 42. Rf6 Re5 43. Ka2 a5 44. Rf4 Kb6 45. f3 Kc5 46. g4 hxg4
47. fxg4 Re1 48. Rf5+ Kc4 49. g5 Rh1 50. g6 Rxh4 51. g7 Rg4 52. Rf4+ Rxf4 53.
g8=Q+ Kb4 54. Qb3+ Kc5 55. Qxb7 Rxa4+ 56. Kb1 Rb4 57. Qc7+ Kb5 58. Qe5+ Ka4 59.
Qe8+ Kb3 60. Qf7+ Rc4 61. Qb7+ Rb4 62. Qd5+ Rc4 63. Qe6 a4 64. Qe3+ Kb4 65. Qb6#
{Black checkmated} 1-0

[Event "Team 45 45 League T41"]
[Site "Internet Chess Club"]
[Date "2009.05.15"]
[Round "3"]
[White "Hubris123"]
[Black "Nosferatu1"]
[Result "1-0"]
[WhiteElo "2009"]
[BlackElo "1885"]
[Opening "Nimzo-Indian: Sämisch variation"]
[ECO "E24"]
[Time "11:58:51"]
[TimeControl "2700+45"]

1. d4 Nf6 2. c4 e6 3. Nc3 Bb4 4. a3 Bxc3+ 5. bxc3 c5 6. Nf3 Qa5 7. Bd2 Ne4 8.
Qc2 f5 9. e3 O-O 10. Bd3 d5 11. O-O Nc6 12. Rfb1 Qc7 13. cxd5 exd5 14. c4 Be6
15. cxd5 Bxd5 16. dxc5 Ne5 17. Nxe5 Qxe5 18. Bc1 Rfc8 19. Bb2 Qc7 20. Bd4 Qc6
21. f3 Nxc5 22. Bxf5 Ne6 23. Bxh7+ Kh8 24. Qg6 Nxd4 25. exd4 Qxg6 26. Bxg6 Rc4
27. Rb4 Rac8 28. Be4 Rd8 29. Rxc4 Bxc4 30. Rd1 b5 31. d5 Rd6 32. Kf2 Kg8 33. Ke3
Kf7 34. Kd4 a5 35. Kc5 Ke7 36. a4 Bb3 37. Re1 Kd7 38. Bf5+ Kc7 39. Re7+ Kd8 40.
Kxd6 bxa4 41. Rxg7 Ke8 42. Ra7 a3 43. Rxa5 a2 44. Kc6 {Black forfeits on time}
1-0

[Event "Team 45 45 League T41"]
[Site "Internet Chess Club"]
[Date "2009.05.15"]
[Round "3"]
[White "jefferyx"]
[Black "upsan"]
[Result "0-1"]
[WhiteElo "1980"]
[BlackElo "1815"]
[Opening "French: Tarrasch, open variation"]
[ECO "C07"]
[Time "20:30:08"]
[TimeControl "2700+45"]

1. e4 e6 2. d4 d5 3. Nd2 c5 4. exd5 Qxd5 5. Ngf3 cxd4 6. Nb3 Bb4+ 7. Bd2 Bxd2+
8. Qxd2 Nf6 9. Nbxd4 O-O 10. Bd3 Nc6 11. O-O Nxd4 12. Nxd4 Bd7 13. c4 Qh5 14. h3
Rad8 15. Be2 Qg6 16. Bf3 e5 17. Ne2 Bxh3 18. Qc1 Bg4 19. Bxg4 Qxg4 20. f3 Qg6
21. Qc3 Qd3 22. Qxd3 Rxd3 23. Rfd1 Rfd8 24. Nc3 Rxd1+ 25. Rxd1 Rxd1+ 26. Nxd1 e4
27. Kf2 exf3 28. Kxf3 Kf8 29. Nc3 Ke7 30. Nb5 a6 31. Nd4 g6 32. c5 Nd7 33. b4
Ne5+ 34. Ke4 Nc6 35. Nc2 Ke6 36. a3 f5+ 37. Kd3 h5 38. Kc4 Ne5+ 39. Kc3 Kd5 40.
a4 f4 41. Nd4 h4 42. b5 axb5 43. axb5 Kxc5 44. Ne6+ Kxb5 45. Nxf4 g5 46. Nh3 g4
47. Nf2 h3 48. Nxh3 gxh3 49. gxh3 Kc5 50. h4 Kd6 51. Kb4 Nd7 52. Kc4 b6 53. Kb5
Ke6 {White resigns} 0-1

[Event "Team 45 45 League T41"]
[Site "Internet Chess Club"]
[Date "2009.05.14"]
[Round "3"]
[White "cityprosecutor"]
[Black "irock"]
[Result "1-0"]
[WhiteElo "1839"]
[BlackElo "1598"]
[Opening "Sicilian defense"]
[ECO "B20"]
[Time "18:02:44"]
[TimeControl "2700+45"]

1. e4 c5 2. d3 g6 3. g3 Nc6 4. Nf3 Bg7 5. Bg2 Nf6 6. Nbd2 d5 7. O-O O-O 8. Re1
b5 9. a3 Bb7 10. exd5 Nxd5 11. Ne4 Qb6 12. h4 a5 13. Rb1 a4 14. c4 Nf6 15. cxb5
Qxb5 16. Qc2 Nxe4 17. dxe4 Nd4 18. Nxd4 cxd4 19. Bf1 Qc6 20. Qxc6 Bxc6 21. Bg5
f6 22. Bc4+ Kh8 23. Bd2 Rfd8 24. Bb4 e5 25. Rbd1 f5 26. exf5 gxf5 27. Be6 Be4
28. g4 Bf3 29. Rc1 fxg4 30. Rc7 e4 31. h5 Bh6 32. Be7 Rg8 33. Bf6+ Bg7 34. Rxg7
Rxg7 35. h6 Ra7 36. Bxd4 Re7 37. Rc1 Rxe6 38. Rc8+ Re8 39. Rxe8# {Black
checkmated} 1-0

[Event "Team 45 45 League T41"]
[Site "Internet Chess Club"]
[Date "2009.05.17"]
[Round "3"]
[White "JamesWu"]
[Black "Campagnolo"]
[Result "1-0"]
[WhiteElo "1939"]
[BlackElo "2044"]
[Opening "Ruy Lopez: Archangelsk (counterthrust) variation"]
[ECO "C78"]
[Time "21:00:14"]
[TimeControl "2700+45"]

1. e4 e5 2. Nf3 Nc6 3. Bb5 a6 4. Ba4 Nf6 5. O-O b5 6. Bb3 Bb7 7. Re1 Bc5 8. c3
d6 9. h3 h6 10. d3 O-O 11. Nbd2 Re8 12. Nf1 d5 13. exd5 Nxd5 14. d4 Bb6 15. dxe5
Na5 16. Bc2 Ne7 17. Qe2 Qd7 18. Ng3 Rad8 19. Nh4 Qe6 20. Kh2 Ng6 21. Nxg6 fxg6
22. f4 Rf8 23. Qg4 Qxg4 24. hxg4 Kh7 25. e6 Rfe8 26. f5 Nc4 27. fxg6+ Kg8 28.
Nf5 Bd5 29. e7 Rd7 30. Kg3 Bc5 31. Bxh6 gxh6 32. Rh1 Ne3 33. Rxh6 Nxf5+ 34. gxf5
Rdxe7 35. f6 Re3+ 36. Kg4 R8e5 37. f7+ Bxf7 38. gxf7+ Kxf7 39. Rh7+ Ke6 40. Rd1
Bd6 41. Bb3+ {Black resigns} 1-0

[Event "Team 45 45 League T41"]
[Site "Internet Chess Club"]
[Date "2009.05.15"]
[Round "3"]
[White "nosalt"]
[Black "wizardbar"]
[Result "1-0"]
[WhiteElo "2031"]
[BlackElo "1895"]
[Opening "Sicilian: Najdorf, 7...Be7 main line"]
[ECO "B99"]
[Time "15:01:35"]
[TimeControl "2700+45"]

1. e4 c5 2. Nf3 d6 3. d4 cxd4 4. Nxd4 Nf6 5. Nc3 a6 6. Bg5 e6 7. f4 Be7 8. Qf3
Qc7 9. O-O-O Nbd7 10. Bd3 b5 11. Rhe1 O-O 12. Qg3 b4 13. Nb1 Kh8 14. e5 dxe5 15.
fxe5 Nd5 16. Bxe7 Nxe7 17. Qh4 Nf5 18. Nxf5 exf5 19. Bxf5 g6 20. e6 fxe6 21.
Bxg6 Nc5 22. Re5 Qg7 23. Bxh7 Qxh7 24. Rh5 Ra7 25. Rd8 {Black resigns} 1-0

[Event "Team 45 45 League T41"]
[Site "Internet Chess Club"]
[Date "2009.05.17"]
[Round "3"]
[White "Budzo"]
[Black "Alexanderking"]
[Result "1/2-1/2"]
[WhiteElo "1769"]
[BlackElo "1380"]
[Opening "Queen's pawn game, Krause variation"]
[ECO "D02"]
[Time "10:00:13"]
[TimeControl "2700+45"]

1. Nf3 d5 2. d4 c5 3. e3 Nc6 4. Be2 Nf6 5. O-O e6 6. dxc5 Bxc5 7. c4 O-O 8. Nc3
b6 9. cxd5 exd5 10. b3 Bb7 11. Bb2 {Game drawn by mutual agreement} 1/2-1/2

[Event "Team 45 45 League T41"]
[Site "Internet Chess Club"]
[Date "2009.05.16"]
[Round "3"]
[White "Fezzik"]
[Black "CalyDeArgentina"]
[Result "1-0"]
[WhiteElo "2027"]
[BlackElo "1794"]
[Opening "King's Indian: orthodox, Aronin-Taimanov variation (Yugoslav attack / Mar del Plata variation)"]
[ECO "E97"]
[Time "13:00:20"]
[TimeControl "2700+45"]

1. Nf3 g6 2. d4 Bg7 3. c4 Nf6 4. Nc3 O-O 5. e4 d6 6. Be2 e5 7. O-O Nc6 8. d5 Ne7
9. Nd2 Ne8 10. b4 f5 11. c5 f4 12. Nc4 Rf7 13. a4 Bf8 14. Ba3 g5 15. b5 b6 16.
cxd6 cxd6 17. a5 Ng6 18. Bb4 Rb8 19. axb6 axb6 20. Na4 Nf6 21. Naxb6 Nxe4 22.
Nxc8 Rxc8 23. Qb3 Nf6 24. Ra6 Ne8 25. Bg4 Rb8 26. Be6 Rxb5 27. Qa4 Nc7 28. Bxf7+
Kxf7 29. Ra7 Rxd5 30. Qc6 Ne7 31. Rxc7 {Black resigns} 1-0

[Event "Team 45 45 League T41"]
[Site "Internet Chess Club"]
[Date "2009.05.18"]
[Round "3"]
[White "chipionero"]
[Black "Ghashgork"]
[Result "0-1"]
[WhiteElo "1683"]
[BlackElo "1801"]
[Opening "QGA, 4.Nc3"]
[ECO "D24"]
[Time "15:00:08"]
[TimeControl "2700+45"]

1. d4 d5 2. Nf3 Nf6 3. c4 dxc4 4. Nc3 a6 5. a4 Nc6 6. e3 Bg4 7. Bxc4 e6 8. h3
Bh5 9. g4 Bg6 10. Nh4 Be7 11. Nxg6 hxg6 12. Bf1 Bb4 13. Bd2 Bxc3 14. bxc3 Qd5
15. Rg1 Rb8 16. c4 Qd6 17. Qf3 Na7 18. c5 Qd7 19. Bg2 b6 20. cxb6 cxb6 21. Ke2
O-O 22. Rgc1 b5 23. axb5 axb5 24. Qf4 b4 25. Rc7 Qb5+ 26. Kd1 b3 27. Bc3 Qd3+
28. Ke1 Nb5 29. Bf1 Qc2 30. Bxb5 Rxb5 31. g5 Nd5 {White resigns} 0-1

[Event "Team 45 45 League T41"]
[Site "Internet Chess Club"]
[Date "2009.05.16"]
[Round "3"]
[White "Thersites"]
[Black "calily"]
[Result "1/2-1/2"]
[WhiteElo "1700"]
[BlackElo "1669"]
[Opening "Caro-Kann: Panov-Botvinnik attack, 5...e6"]
[ECO "B14"]
[Time "10:07:06"]
[TimeControl "2700+45"]

1. e4 c6 2. d4 d5 3. exd5 cxd5 4. c4 Nf6 5. Nc3 e6 6. Nf3 Be7 7. cxd5 Nxd5 8.
Bd3 O-O 9. O-O b6 10. Re1 Nc6 11. a3 h6 12. Bd2 Bb7 13. Rc1 Nxc3 14. Bxc3 Bf6
15. Bb1 Ne7 16. Ne5 Bxe5 17. dxe5 Nd5 18. Qc2 g6 19. Bd2 Qh4 20. Re4 Qh5 21. g3
Kg7 22. Rh4 Qf3 23. Bxh6+ Kg8 24. Qe4 Qxe4 25. Rxe4 Rfc8 26. Rec4 Kh7 27. Bg5
Kg7 28. Be4 Rxc4 29. Rxc4 Rc8 30. Bxd5 exd5 31. Rxc8 Bxc8 32. Be7 Kh6 33. f3 b5
34. Kf2 Be6 35. Ke3 g5 36. Kd4 Kh5 37. h4 gxh4 38. Bxh4 Kg6 39. Kc5 Kf5 40. Kd4
Kg6 {Game drawn by mutual agreement} 1/2-1/2

[Event "Team 45 45 League T41"]
[Site "Internet Chess Club"]
[Date "2009.05.17"]
[Round "3"]
[White "alexcluster"]
[Black "civilization"]
[Result "0-1"]
[WhiteElo "1584"]
[BlackElo "1649"]
[Opening "Old Indian: Tartakower (Wade) variation"]
[ECO "A41"]
[Time "12:02:02"]
[TimeControl "2700+45"]

1. d4 d6 2. Nf3 Bg4 3. c4 Nd7 4. Nc3 e5 5. d5 Ngf6 6. Bg5 Be7 7. e4 h6 8. Bd2
Nc5 9. Qc2 Bh5 10. b4 Ncd7 11. Be2 O-O 12. O-O Bg6 13. Bd3 Nh7 14. h3 Ng5 15.
Nxg5 Bxg5 16. Bxg5 Qxg5 17. Nb5 Qd8 18. f4 a6 19. Nc3 exf4 20. Rxf4 Ne5 21. Raf1
Qg5 22. c5 Rac8 23. Qe2 Qg3 24. R1f3 Nxf3+ 25. Rxf3 Qg5 26. Qc2 Qe5 27. a4 Qd4+
28. Kh1 Qxb4 29. c6 bxc6 30. dxc6 Rce8 31. Bxa6 Bxe4 32. Nxe4 Rxe4 33. Bb5 Re5
34. Qd3 Qc5 35. Qd2 Rfe8 36. Rf1 Rf8 37. Qf4 Qb6 38. Qb4 Qc5 39. Qf4 Qb6 40. Qb4
Qe3 41. Qa5 Re7 42. Ba6 Ra8 43. Qb5 Qa7 44. Bb7 Qxa4 45. Qd5 Rf8 46. Rf3 Qa1+
47. Kh2 Qe5+ 48. Qxe5 Rxe5 49. g4 d5 50. Rb3 Rfe8 51. Rb4 Re4 52. Rb5 d4 53. Rd5
Re2+ 54. Kg1 Re1+ 55. Kf2 R8e2+ 56. Kf3 Re3+ 57. Kf2 R1e2+ 58. Kf1 Rd2 {White
resigns} 0-1

[Event "Team 45 45 League T41"]
[Site "Internet Chess Club"]
[Date "2009.05.16"]
[Round "3"]
[White "fileman"]
[Black "HumanTornado"]
[Result "1-0"]
[WhiteElo "1935"]
[BlackElo "1881"]
[Opening "Sicilian: wing gambit, Marshall variation"]
[ECO "B20"]
[Time "14:06:05"]
[TimeControl "2700+45"]

1. e4 c5 2. b4 cxb4 3. a3 d5 4. exd5 Qxd5 5. Nf3 e5 6. Bb2 Nc6 7. c4 Qe4+ 8. Be2
Nf6 9. O-O Be6 10. Re1 Qf5 11. d4 exd4 12. Nxd4 Nxd4 13. Bxd4 O-O-O 14. Bd3 Qg4
15. Bxa7 Qxd1 16. Rxd1 Bxc4 17. Bc2 Rxd1+ 18. Bxd1 Be7 19. Nd2 b5 20. a4 Kb7 21.
Be3 Rc8 22. axb5 Bxb5 23. Ra7+ Kb8 24. Nb3 Nd5 25. Bf3 Bc4 26. Na5 Rc7 27. Rxc7
Kxc7 28. Nxc4 Nxe3 29. fxe3 Bf6 30. Bd1 Kc6 31. Bb3 Bc3 32. Kf2 f6 33. Kf3 Kc5
34. Ke4 g6 35. g4 {Black resigns} 1-0

[Event "Team 45 45 League T41"]
[Site "Internet Chess Club"]
[Date "2009.05.16"]
[Round "3"]
[White "jack25"]
[Black "LoseOften"]
[Result "0-1"]
[WhiteElo "1853"]
[BlackElo "1871"]
[Opening "Dutch with c4 & Nc3"]
[ECO "A85"]
[Time "02:06:03"]
[TimeControl "2700+45"]

1. d4 f5 2. c4 Nf6 3. Nc3 g6 4. g3 Bg7 5. Bg2 O-O 6. e4 d6 7. f3 e5 8. dxe5 dxe5
9. Qxd8 Rxd8 10. Bg5 Rd4 11. Bxf6 Bxf6 12. Nd5 Bd8 13. Rc1 c6 14. Ne2 Rd3 15.
Nb4 Ba5 16. a3 c5 {White resigns} 0-1

[Event "Team 45 45 League T41"]
[Site "Internet Chess Club"]
[Date "2009.05.17"]
[Round "3"]
[White "Steinwitz"]
[Black "isolani"]
[Result "0-1"]
[WhiteElo "1710"]
[BlackElo "1564"]
[Opening "Pirc: Ufimtsev-Pytel variation"]
[ECO "B07"]
[Time "09:02:49"]
[TimeControl "2700+45"]

1. e4 d6 2. d4 Nf6 3. Nc3 c6 4. Nf3 Qa5 5. Bd2 Qb6 6. a3 Bg4 7. Na4 Qc7 8. Bd3
e5 9. dxe5 dxe5 10. O-O Be7 11. Qe2 Bh5 12. Nc3 Nbd7 13. h3 O-O 14. Rad1 a5 15.
Rfe1 b5 16. Na2 Nc5 17. Rc1 Ne6 18. Be3 b4 19. a4 Bc5 20. b3 Bxe3 21. Qxe3 Bxf3
22. Qxf3 Nd4 23. Qd1 Rfd8 24. c3 bxc3 25. Rxc3 Qe7 26. Nc1 Nd7 27. Ne2 Nxe2+ 28.
Qxe2 Nc5 29. Bc4 Rd4 30. Qf3 Ne6 31. Bd3 c5 32. Rec1 Rad8 33. Bc4 Ng5 34. Qf5
Nxe4 35. Rf3 Nd6 36. Qc2 Nxc4 37. bxc4 e4 38. Re3 f5 39. Qc3 Qc7 40. Qc2 Qd6 41.
Qc3 f4 42. Ree1 f3 43. gxf3 Rd3 44. Qxa5 exf3 45. Kh1 Qh6 46. Kh2 Qf4+ 47. Kh1
Qh4 48. Kg1 Qg5+ 49. Kh2 Qg2# {White checkmated} 0-1